 Dungeon Crawl Stone Soup version 0.26-a0-651-gb41185065b (webtiles) character file.

Game seed: 3582294670163047930

(classic levelgen) 27651 EnegeticOcto the Cleaver (level 13, -4/123 HPs)
             Began as a Deep Dwarf Fighter on Oct 14, 2020.
             Was a High Priest of Makhleb.
             Slain by a 15-headed hydra (11 damage)
             ... on level 14 of the Dungeon.
             The game lasted 00:08:15 (8642 turns).

EnegeticOcto the Cleaver (Deep Dwarf Fighter)       Turns: 8642, Time: 00:08:16

Health: -4/123     AC: 21    Str: 24    XL:     13   Next: 5%
Magic:  11/11      EV: 15    Int:  9    God:    Makhleb [*****.]
Gold:   352        SH:  5    Dex: 19    Spells: 12/12 levels left

rFire    . . .     SeeInvis .   f - +4 battleaxe (venom)
rCold    . . .     Faith    .   (shield currently unavailable)
rNeg     . . .     Spirit   .   j - +0 chain mail
rPois    .         Reflect  +   B - +0 helmet "Olannash" {Dex+6}
rElec    .         Harm     .   b - +0 cloak
rCorr    +         Rampage  .   h - +2 pair of gloves
MR       +....                  t - +2 pair of boots
Stlth    ..........             q - amulet of reflection
HPRegen  0.00/turn              G - ring of resist corrosion
MPRegen  0.12/turn              (no ring)

@: non-regenerating, very slow
A: damage resistance, heal wounds, sense surroundings 2, no regeneration
a: Heal Wounds, Minor Destruction, Lesser Servant of Makhleb, Major Destruction,
Greater Servant of Makhleb, Renounce Religion


You were on level 14 of the Dungeon.
You worshipped Makhleb.
Makhleb was extremely pleased with you.
You visited 2 branches of the dungeon, and saw 15 of its levels.

You collected 959 gold pieces.
You spent 607 gold pieces at shops.

Inventory:

Hand Weapons
 a - a +1 war axe
 f - a +4 battleaxe of venom (weapon)
 M - a +2 war axe of distortion
Missiles
 r - a throwing net (quivered)
Armour
 b - a +0 cloak (worn)
 h - a +2 pair of gloves (worn)
 j - a +0 chain mail (worn)
 t - a +2 pair of boots (worn)
 B - the +0 helmet "Olannash" (worn) {Dex+6}
   (You found it on level 11 of the Dungeon)

   It affects your dexterity (+6).
Jewellery
 q - an amulet of reflection (around neck)
 G - a ring of resist corrosion (left hand)
Wands
 v - a wand of disintegration (8)
 D - a wand of paralysis (16)
 F - a wand of digging (5) {@v3}
Scrolls
 i - 12 scrolls of teleportation {@r3}
 u - 3 scrolls of identify {@r1}
 y - 7 scrolls of remove curse {@r2}
 E - 2 scrolls of enchant armour
 I - a scroll of blinking
Potions
 d - 7 potions of might {@q3}
 e - 8 potions of curing {@q1}
 g - 2 potions of magic
 k - 4 potions of mutation
 l - a potion of berserk rage
 m - 3 potions of flight
 s - 2 potions of lignification
 w - 3 potions of heal wounds {@q2}
 x - a potion of cancellation
 z - a potion of invisibility
 A - a potion of resistance {@q5}
 C - a potion of ambrosia
 J - 4 potions of haste {@q4}
Miscellaneous
 n - a phantom mirror
 L - a box of beasts (3/3)


   Skills:
 * Level 10.1 Fighting
 * Level 13.3 Axes
 + Level 10.2 Armour
 + Level 9.0 Dodging
   Level 4.7 Shields
 * Level 11.0 Invocations
 + Level 4.4 Evocations


You had 12 spell levels left.
You didn't know any spells.
Your spell library was empty.

Dungeon Overview and Level Annotations

Branches:
Dungeon (14/15)            Temple (1/1) D:5            Lair (0/6) D:10
    Orc (0/2) D:10
 Vaults: D:13-14

Altars:
Ashenzari
Cheibriados
Dithmenos
Elyvilon
Fedhas
Gozag
Hepliaklqana
Kikubaaqudgha
Makhleb
Nemelex Xobeh
Okawaru
Qazlal
Ru
Sif Muna
Trog
Uskayaw
Vehumet
Wu Jian
Xom
Yredelemnul
Zin
The Shining One

Shops:
D:4 *   D:7 *   D:14 *

Annotations:
D:3 3 runed translucent doors, Lanoc's ghost, amateur DrCK
D:11 3 runed translucent doors


Innate Abilities, Weirdness & Mutations

You are resistant to damage.
You can heal yourself by infusing magical energy.
You passively map the area around you.
You do not regenerate.


Message History

Splash!
You fall into the shallow water.
Moving in this stuff is going to be slow.
The 15-headed hydra bites you but does no damage. x2
The 15-headed hydra bites you. x2
* * * LOW HITPOINT WARNING * * *
The 15-headed hydra bites you but does no damage. x2
The 15-headed hydra bites you.
The 15-headed hydra closely misses you. x2
The 15-headed hydra misses you. You block the 15-headed hydra's attack.
The 15-headed hydra bites you but does no damage. x4
You feel much better. You block the 15-headed hydra's attack.
The 15-headed hydra bites you but does no damage. x2
The 15-headed hydra bites you. The 15-headed hydra misses you.
The 15-headed hydra bites you but does no damage.
The 15-headed hydra bites you.
The 15-headed hydra bites you but does no damage.
You block the 15-headed hydra's attack. The 15-headed hydra barely misses you.
The 15-headed hydra bites you but does no damage.
The 15-headed hydra bites you.
The 15-headed hydra bites you but does no damage.
You block the 15-headed hydra's attack.
The 15-headed hydra bites you but does no damage.
The 15-headed hydra bites you.
The 15-headed hydra bites you but does no damage. x3
The 15-headed hydra bites you. The 15-headed hydra barely misses you.
The 15-headed hydra misses you. x2; You block the 15-headed hydra's attack.
The 15-headed hydra barely misses you. x2
The 15-headed hydra closely misses you.
The 15-headed hydra completely misses you.
The 15-headed hydra closely misses you.
The 15-headed hydra bites you but does no damage.
The 15-headed hydra bites you. The 15-headed hydra misses you.
The 15-headed hydra bites you but does no damage. x2
The 15-headed hydra completely misses you.
The 15-headed hydra closely misses you.
The 15-headed hydra bites you but does no damage. x3
The 15-headed hydra bites you. x2; The 15-headed hydra misses you. x3
The 15-headed hydra bites you! The 15-headed hydra bites you.
The 15-headed hydra closely misses you. The 15-headed hydra barely misses you.
You block the 15-headed hydra's attack. The 15-headed hydra bites you!
The 15-headed hydra barely misses you.
The 15-headed hydra bites you but does no damage.
You block the 15-headed hydra's attack. The 15-headed hydra bites you.
The 15-headed hydra bites you!
* * * LOW HITPOINT WARNING * * *
The 15-headed hydra barely misses you. The 15-headed hydra bites you.
* * * LOW HITPOINT WARNING * * *
The 15-headed hydra bites you but does no damage.
The 15-headed hydra completely misses you.
You block the 15-headed hydra's attack.
The 15-headed hydra looks more healthy.
The 15-headed hydra bites you but does no damage.
The 15-headed hydra barely misses you. x2; The 15-headed hydra misses you.
The 15-headed hydra completely misses you.
The 15-headed hydra bites you but does no damage.
The 15-headed hydra misses you. The 15-headed hydra bites you!
* * * LOW HITPOINT WARNING * * *
You block the 15-headed hydra's attack.
The 15-headed hydra bites you but does no damage. x2
The 15-headed hydra barely misses you. The 15-headed hydra bites you.
* * * LOW HITPOINT WARNING * * *
The 15-headed hydra barely misses you. x2
The 15-headed hydra misses you. The 15-headed hydra barely misses you.
The 15-headed hydra bites you but does no damage. x2
You block the 15-headed hydra's attack. x2
The 15-headed hydra closely misses you.
The 15-headed hydra bites you but does no damage.
The 15-headed hydra misses you.
The 15-headed hydra bites you but does no damage.
The 15-headed hydra barely misses you. x2; The 15-headed hydra misses you.
The 15-headed hydra closely misses you. The 15-headed hydra misses you.
The 15-headed hydra closely misses you.
You block the 15-headed hydra's attack. x2
The 15-headed hydra bites you.
* * * LOW HITPOINT WARNING * * *
The 15-headed hydra closely misses you. The 15-headed hydra bites you.
You block the 15-headed hydra's attack. The 15-headed hydra barely misses you.
The 15-headed hydra bites you. The 15-headed hydra barely misses you.
The 15-headed hydra closely misses you.
The 15-headed hydra bites you but does no damage.
The 15-headed hydra closely misses you. The 15-headed hydra bites you!
* * * LOW HITPOINT WARNING * * *
The 15-headed hydra misses you. You block the 15-headed hydra's attack.
The 15-headed hydra bites you.
* * * LOW HITPOINT WARNING * * *
The 15-headed hydra bites you!
* * * LOW HITPOINT WARNING * * *
The 15-headed hydra bites you.
The 15-headed hydra bites you but does no damage.
You block the 15-headed hydra's attack.
The 15-headed hydra closely misses you. x2
The 15-headed hydra bites you but does no damage.
The 15-headed hydra completely misses you.
The 15-headed hydra bites you but does no damage. x2
You block the 15-headed hydra's attack. The 15-headed hydra barely misses you.
The 15-headed hydra bites you but does no damage.
The 15-headed hydra closely misses you.
The 15-headed hydra bites you but does no damage.
The 15-headed hydra barely misses you.
The 15-headed hydra bites you but does no damage.
The 15-headed hydra closely misses you. x2; The 15-headed hydra bites you!
You die...

* * *#### ,, ,
...#################
####.................###
,
......###....(.#####....
* *
P≈..≈.....≈≈.≈.......##
≈ ≈
≈≈≈≈.≈≈≈≈P.≈≈≈≈.)≈≈...#
≈≈
≈≈≈≈P≈D@≈≈≈≈≈≈))≈≈≈≈≈...
* ≈
≈≈≈≈≈≈≈≈≈≈≈≈≈≈≈≈≈≈≈≈≈...
≈,,
≈≈≈≈≈≈≈≈≈≈≈≈≈≈≈≈≈≈≈PP.≈≈
,
P.≈≈.≈≈.≈≈≈≈≈≈≈≈≈≈≈≈PP≈.
...........≈..≈≈P≈≈≈≈≈≈≈
,,
######.##....≈.≈.≈≈≈≈≈≈≈
, , #.......$..≈.≈≈≈≈≈P
* ** ###..####.....≈.≈≈≈
* , #....#*#......P.≈≈


You could see a 15-headed hydra.

Vanquished Creatures
  Josephine (D:11)
  Fannar (D:11)
  A two-headed ogre (D:14)
  A deep troll earth mage (D:12)
  Nergalle (D:11)
  4 unseen horrors
  A deep elf mage (D:13)
  3 manticores
  5 cyclopes
  5 ugly things
  4 centaur skeletons
  Psyche (D:11)
  2 gargoyles
  A yaktaur (shapeshifter) (D:14)
  A komodo dragon (D:13)
  A troll (shapeshifter) (D:11)
  Grinder (D:4)
  4 slime creatures
  3 trolls
  A dream sheep (shapeshifter) (D:11)
  4 hippogriffs
  22 yaks
  4 wraiths (D:11)
  3 wyverns
  Sigmund (D:5)
  Eustachio (D:5)
  2 vampire mosquitoes (D:10)
  A soldier ant (D:11)
  2 water moccasins
  Duvessa (D:5)
  3 orc warriors
  2 ice beasts
  A black bear (D:8)
  6 sky beasts
  A necrophage (D:14)
  A phantom (D:8)
  4 ogres
  An eye of draining (D:11)
  22 centaurs
  4 big kobolds
  10 bullfrogs
  A gnoll sergeant (D:9)
  Dowan (D:5)
  2 scorpions (D:10)
  6 killer bees
  13 wights
  2 electric eels (D:14)
  7 howler monkeys
  A bullfrog zombie (D:9)
  2 quasits
  A bullfrog skeleton (D:11)
  5 orc priests
  A gnoll shaman (D:6)
  3 hounds
  4 jellies
  2 iguanas
  10 orc wizards
  Crazy Yiuf (D:7)
  Natasha (thrice) (D:4)
  14 worker ants
  A killer bee zombie (D:8)
  A hound zombie (D:11)
  A hound skeleton (D:11)
  A worker ant zombie (D:10)
  14 adders
  13 gnolls
  A howler monkey skeleton (D:11)
  A white imp (D:9)
  An adder skeleton (D:8)
  6 worms
  A dart slug (D:3)
  7 leopard geckos
  43 orcs
  6 ball pythons
  2 giant cockroaches
  6 goblins
  8 hobgoblins
  12 jackals
  3 quokkas
  15 bats
  2 frilled lizards
  21 kobolds
  A leopard gecko zombie (D:5)
  4 rats
  A spectral orc (D:5)
389 creatures vanquished.

Vanquished Creatures (collateral kills)
  A wight (D:12)
  2 orcs (D:5)
  2 jackals (D:5)
5 creatures vanquished.

Vanquished Creatures (others)
  A leopard gecko (D:11)
  17 plants
18 creatures vanquished.

Grand Total: 412 creatures vanquished

Notes
Turn   | Place    | Note
-------+----------+-------------------------------------------
     0 | D:1      | EnegeticOcto the Deep Dwarf Fighter began the quest for the
                  | Orb.
     0 | D:1      | Reached XP level 1. HP: 20/20 MP: 1/1
    97 | D:1      | Reached XP level 2. HP: 25/27 MP: 2/2
   186 | D:2      | Reached skill level 3 in Axes
   186 | D:2      | Reached XP level 3. HP: 25/34 MP: 3/3
   374 | D:4      | Noticed Natasha
   382 | D:4      | Killed Natasha
   382 | D:4      | Reached XP level 4. HP: 40/42 MP: 4/4
   407 | D:4      | Reached skill level 4 in Axes
   407 | D:4      | Reached XP level 5. HP: 23/49 MP: 5/5
   495 | D:4      | Noticed Grinder
   501 | D:4      | Paralysed by Grinder for 4 turns
   516 | D:4      | Killed Grinder
   516 | D:4      | Reached skill level 5 in Axes
   516 | D:4      | Reached XP level 6. HP: 41/57 MP: 4/4
   526 | D:4      | Noticed Natasha
   540 | D:4      | Killed Natasha
   656 | D:4      | Found Rasuhemp's Assorted Antiques.
   662 | D:4      | Bought a scroll labeled ERAWEDWAXY for 27 gold pieces
   662 | D:4      | Bought a scroll labeled BOFOAL ZOXKITT for 27 gold pieces
   662 | D:4      | Bought a metallic blue potion for 24 gold pieces
   707 | D:4      | Noticed Natasha
   711 | D:4      | Killed Natasha
  1131 | D:5      | Entered Level 5 of the Dungeon
  1259 | D:5      | Found a basalt altar of Yredelemnul.
  1297 | D:5      | Noticed Eustachio
  1326 | D:5      | Killed Eustachio
  1326 | D:5      | Reached skill level 5 in Armour
  1326 | D:5      | Reached skill level 1 in Dodging
  1326 | D:5      | Reached XP level 7. HP: 47/64 MP: 4/4
  1529 | D:5      | Reached skill level 6 in Axes
  1531 | D:5      | Found a staircase to the Ecumenical Temple.
  1563 | D:5      | Noticed a moth of wrath
  1566 | D:5      | Found a bloodstained altar of Trog.
  1604 | Temple   | Entered the Ecumenical Temple
  1862 | D:5      | Noticed Duvessa
  1863 | D:5      | Noticed Dowan
  1872 | D:5      | Killed Duvessa
  1896 | D:5      | Killed Dowan
  1910 | D:5      | Noticed Sigmund
  1926 | D:5      | Killed Sigmund
  1926 | D:5      | Reached XP level 8. HP: 42/73 MP: 5/5
  2239 | D:6      | Reached skill level 7 in Axes
  2366 | D:6      | Reached skill level 5 in Fighting
  2617 | D:6      | Found a white marble altar of Elyvilon.
  2691 | D:7      | Reached skill level 8 in Axes
  2876 | D:7      | Found Pareys's Mass Market.
  3177 | D:7      | Found a runed translucent door.
  3178 | D:7      | Noticed Crazy Yiuf
  3185 | D:7      | Paralysed by Crazy Yiuf for 2 turns
  3213 | D:7      | Killed Crazy Yiuf
  3465 | D:2      | Found a hazy altar of Hepliaklqana.
  3869 | D:3      | Found a stormy altar of Qazlal.
  4242 | D:3      | Found a runed translucent gate.
  4242 | D:3      | Found a runed translucent gate.
  4242 | D:3      | Found a runed translucent gate.
  4243 | D:3      | Noticed Lanoc's ghost (amateur DrCK)
  4346 | D:4      | Bought a runed battleaxe for 256 gold pieces
  4461 | D:8      | Gained mutation: You passively map the area around you.
                  | [Deep Dwarf growth]
  4461 | D:8      | Reached XP level 9. HP: 51/81 MP: 5/5
  4708 | D:8      | Found a glowing golden altar of the Shining One.
  4769 | D:8      | Reached skill level 9 in Axes
  4809 | D:8      | Found a sacrificial altar of Ru.
  5079 | D:9      | Reached skill level 5 in Dodging
  5320 | D:9      | Reached skill level 10 in Axes
  5331 | D:9      | Found a burning altar of Makhleb.
  5373 | D:9      | Became a worshipper of Makhleb the Destroyer
  5466 | D:9      | Reached XP level 10. HP: 73/92 MP: 6/6
  5466 | D:9      | Reached skill level 1 in Invocations
  5677 | D:10     | Entered Level 10 of the Dungeon
  5770 | D:10     | Noticed a gargoyle
  5779 | D:10     | Killed a gargoyle
  5820 | D:10     | Killed an unseen horror
  5885 | D:10     | Reached * piety under Makhleb
  5901 | D:10     | Found a staircase to the Lair.
  5931 | D:10     | Noticed a cyclops
  5941 | D:10     | Killed a cyclops
  6023 | D:10     | Reached skill level 5 in Invocations
  6026 | D:10     | Reached skill level 11 in Axes
  6135 | D:10     | Found a staircase to the Orcish Mines.
  6152 | D:10     | Noticed a green ugly thing
  6159 | D:10     | Killed a green ugly thing
  6400 | D:11     | You fall into a shaft and drop 2 floors!
  6400 | D:13     | Noticed a cyclops
  6406 | D:13     | Killed a cyclops
  6406 | D:13     | Reached XP level 11. HP: 60/102 MP: 11/11
  6502 | D:13     | Noticed a white ugly thing
  6511 | D:13     | Killed a white ugly thing
  6630 | D:13     | Noticed a deep elf mage
  6641 | D:13     | Killed a deep elf mage
  6641 | D:13     | Reached ** piety under Makhleb
  6840 | D:12     | Noticed a green ugly thing
  6848 | D:12     | Killed a green ugly thing
  6957 | D:12     | Reached skill level 12 in Axes
  7001 | D:12     | Killed an unseen horror
  7032 | D:12     | Noticed a deep troll earth mage
  7051 | D:12     | Killed a deep troll earth mage
  7051 | D:12     | Reached XP level 12. HP: 51/114 MP: 11/11
  7058 | D:12     | Reached *** piety under Makhleb
  7506 | D:11     | Noticed Fannar
  7532 | D:11     | Killed Fannar
  7532 | D:11     | Reached skill level 1 in Evocations
  7622 | D:11     | Noticed Josephine
  7630 | D:11     | Killed Josephine
  7684 | D:11     | Reached skill level 10 in Invocations
  7707 | D:11     | Reached **** piety under Makhleb
  7708 | D:11     | Found a runed translucent door.
  7708 | D:11     | Noticed an ice dragon
  7709 | D:11     | Noticed a two-headed ogre
  7709 | D:11     | Noticed a frost giant
  7711 | D:11     | Found a runed translucent door.
  7711 | D:11     | Found a runed translucent door.
  7731 | D:11     | Noticed Nergalle
  7750 | D:11     | Killed Nergalle
  7774 | D:11     | Noticed Psyche
  7784 | D:11     | Killed Psyche
  7999 | D:11     | Reached skill level 13 in Axes
  7999 | D:11     | Reached skill level 10 in Armour
  8142 | D:11     | Got a faintly glowing helmet
  8152 | D:11     | Identified the +0 helmet "Olannash" {Dex+6} (You found it
                  | on level 11 of the Dungeon)
  8302 | D:11     | Reached skill level 10 in Fighting
  8502 | D:14     | Found Xaraz's Assorted Antiques.
  8513 | D:14     | Noticed a two-headed ogre
  8519 | D:14     | Killed a two-headed ogre
  8519 | D:14     | Reached ***** piety under Makhleb
  8537 | D:14     | Reached XP level 13. HP: 111/123 MP: 12/12
  8541 | D:14     | Bought a scroll labeled BOARHA BUTZYNN for 26 gold pieces
  8541 | D:14     | Bought a scroll labeled UTOWKEOBEG for 26 gold pieces
  8541 | D:14     | Bought a scroll labeled JEKIAJ IMMO for 26 gold pieces
  8545 | D:14     | Bought a scroll of enchant armour for 195 gold pieces
  8642 | D:14     | Slain by a 15-headed hydra

Illustrated notes

Levels and vault maps discovered:
D:1:      tarquinn_simple_flora_water_a, layout_rooms
D:2:      layout_basic, lemuel_crystal_altar
D:3:      layout_basic, grunt_qazlal_sundering, ebering_ghost_rock_garden
D:4:      layout_loops_ring, serial_shops, shop, minmay_misc_feat_room,
          saegor_snake_ambush, uniq_natasha, uniq_grinder
D:5:      layout_basic, yredelemnul_forgotten_temple_becter, tgw_trog,
          minmay_temple_entry_steel_oval, uniq_duvessa, uniq_eustachio,
          uniq_sigmund
D:6:      layout_rooms, lemuel_round_altar
D:7:      layout_loops_cross, roderic_batcave, minmay_shop_mass,
          uniq_crazy_yiuf_cottage
D:8:      layout_loops_ring, kennysheep_mini_moat, tso_altar
D:9:      layout_roguey, kennysheep_little_box
D:10:     layout_loops_ring, dpeg_oklobed_lair, orc_0_dummy
D:11:     minmay_the_grid_triangle_9x9_rhombus_thin_mashed
          [minmay_the_grid_triangle_9x9_skeleton,
          minmay_the_grid_triangle_9x9_prize_top_heavy,
          minmay_the_grid_triangle_9x9_fully_insulated_deathbox,
          minmay_the_grid_triangle_9x9_stretched_checkered], layout_loops_cross,
          uniq_fannar, uniq_psyche, uniq_josephine, uniq_nergalle
D:12:     layout_cave_pools, serial_rivers, chequers_serial_rivers_micro_a,
          chequers_serial_rivers_small_3, chequers_serial_rivers_micro_a,
          chequers_serial_rivers_room_b, chequers_serial_rivers_room_a,
          chequers_serial_rivers_large_b, minmay_checkered_concentric_circles
D:13:     layout_big_octagon
D:14:     layout_cave_pools, skrybe_vaults_entry_preservation,
          chequers_big_river, serial_shops, shop, nicolae_shop_waterfront
Temple:   zaba_magenta_temple

Skill      XL: |  1  2  3  4  5  6  7  8  9 10 11 12 13 |
---------------+----------------------------------------+-----
Fighting       | 3 4 5 6 7 9 10 | 10.1
Axes           | 3 4 5 6 8 10 11 12 13 | 13.3
Armour         | 4 5 6 7 8 9 10 | 10.2
Shields        | 4 |  4.7
Dodging        | 1 2 4 6 7 8 9 |  9.0
Invocations    | 6 8 10 11 | 11.0
Evocations     | 4 |  4.4

Action                   |  1- 3 |  4- 6 |  7- 9 | 10-12 | 13-15 || total
-------------------------+-------+-------+-------+-------+-------++-------
Melee: War axe           |    70 |   152 |   294 |       |       ||   516
       Battleaxe         |       |       |   144 |   532 |    36 ||   712
 Abil: Heal Wounds       |     1 |     4 |    17 |    20 |     4 ||    46
Evoke: Box of beasts     |       |       |       |     2 |       ||     2
  Use: Scroll            |       |     3 |    18 |     6 |     6 ||    33
       Potion            |       |       |       |       |     1 ||     1
 Stab: Invisible         |       |       |     1 |       |       ||     1
Armor: Scale mail        |    32 |    66 |    76 |       |       ||   174
       Chain mail        |       |       |   146 |   388 |    84 ||   618
Dodge: Dodged            |    17 |    54 |   181 |   349 |   108 ||   709
Block: Kite shield       |    29 |    87 |   229 |       |       ||   345
       Reflection        |       |       |     6 |    18 |     1 ||    25
       Other             |       |       |    43 |   170 |    33 ||   246

Table legend: (Time is in decaauts)
 A = Elapsed time spent in this place.
 B = Non-inter-level travel time spent in this place.
 C = Inter-level travel time spent in this place.
 D = Time resting spent in this place.
 E = Time spent auto-exploring this place.
 F = Levels seen in this place.
 G = Mean time per level.
                   A        B        C        D        E       F      G
               +--------+--------+--------+--------+--------+-----+--------+
         Total |   8935 |   8150 |    785 |      0 |   5605 |  15 |  595.7 |
       Dungeon |   8858 |   8092 |    766 |      0 |   5548 |  14 |  632.7 |
        Temple |     76 |     58 |     18 |      0 |     57 |   1 |   76.0 |
               +--------+--------+--------+--------+--------+-----+--------+

Top non-repeatable levels by time:
     D:5: 1095 daAuts
    D:11: 1046 daAuts
     D:4: 927 daAuts
    D:12: 770 daAuts
    D:10: 685 daAuts
     D:7: 669 daAuts
     D:3: 666 daAuts
     D:9: 637 daAuts
     D:8: 620 daAuts
     D:2: 549 daAuts
     D:6: 534 daAuts
    D:13: 407 daAuts
    D:14: 141 daAuts
     D:1: 108 daAuts
  Temple: 76 daAuts
